 Dungeon Crawl Stone Soup version 0.25-a0-388-g41a7e554cb (webtiles) character file.

Game seed: 17629642802276224663, levelgen mode: deterministic

26 mopl the Skirmisher (level 2, 1/23 HPs)
             Began as a Demonspawn Wanderer on Jan 7, 2020.
             Quit the game on level 2 of the Dungeon.
             The game lasted 00:03:24 (1819 turns).

mopl the Skirmisher (Demonspawn Wanderer)           Turns: 1819, Time: 00:03:24

Health: 1/23       AC:  6    Str: 13    XL:     2   Next: 89%
Magic:  5/5        EV:  8    Int: 13    God:
Gold:   51         SH:  0    Dex: 11    Spells: 3/5 levels left

rFire    . . .     SeeInvis .   k - +0 dagger
rCold    . . .     Gourm    .   (no shield)
rNeg     . . .     Faith    .   j - +0 scale mail
rPois    .         Spirit   .   (no helmet)
rElec    .         Reflect  .   (no cloak)
rCorr    .         Harm     .   (no gloves)
MR       .....                  (no boots)
Stlth    +.........             (no amulet)
HPRegen  0.07/turn              (no ring)
MPRegen  0.09/turn              (no ring)

@: lethally poisoned (1 -> -3)
A: nightstalker 1
a: no special abilities


You were on level 2 of the Dungeon.
You were not hungry.

You visited 1 branch of the dungeon, and saw 2 of its levels.

You collected 51 gold pieces.

Inventory:

Hand Weapons
 a - a +0 club
 k - a +0 dagger (weapon)
Armour
 d - a +0 robe
 j - a +0 scale mail (worn)
Scrolls
 i - a scroll of teleportation {unknown}
 l - a scroll of fear {unknown}
Potions
 e - a potion of lignification {unknown}
 h - a potion of mutation {unknown}
Comestibles
 f - 3 rations
 m - a chunk of flesh


   Skills:
 + Level 2.9 Fighting
 - Level 1.0 Throwing
 - Level 1.7 Armour
 - Level 2.0 Spellcasting
   Level 1.1 Necromancy
 - Level 1.7 Translocations
   Level 1.0 Evocations


You had 3 spell levels left.
You knew the following spells:

 Your Spells              Type           Power        Failure   Level  Hunger
e - Blink                 Tloc           N/A          65%         2    ###....

Your spell library contained the following spells:

 Spells                   Type           Power        Failure   Level  Hunger
 Sandblast                Erth           #.....       75%         1    ##.....
 Sting                    Tmut/Pois      #...         75%         1    ##.....
 Shroud of Golubria       Chrm/Tloc      #.....       77%         2    ###....
 Gell's Gravitas          Tloc           #.........   86%         3    ####...
 Lesser Beckoning         Tloc           #.........   86%         3    ####...
 Teleport Other           Tloc           #.......     86%         3    ####...
 Ignite Poison            Fire/Tmut/Pois #.......     98%         3    ####...
 Stone Arrow              Conj/Erth      #.....       98%         3    ####...
 Passage of Golubria      Tloc           N/A          99%         4    #####..


Dungeon Overview and Level Annotations

Branches:
Dungeon (2/15)

Altars:


Innate Abilities, Weirdness & Mutations

You are slightly more attuned to the shadows.


Message History

You hit the adder.
The adder is severely wounded.
The adder bites you but does no damage.
You closely miss the adder.
The adder is severely wounded.
You feel sick. The adder bites you.
* * * LOW HITPOINT WARNING * * *
The adder bites you.
* * * LOW HITPOINT WARNING * * *
Your scale mail prevents you from hitting the adder.
The adder is severely wounded.
The adder bites you.
* * * LOW HITPOINT WARNING * * *
You closely miss the adder.
The adder is severely wounded.
The adder bites you but does no damage.
You miss the adder.
The adder is severely wounded.
The adder bites you but does no damage.
Are you sure you want to abandon this character and quit the game? (Confirm with "yes".)

# ...#### .##. ###....##..
...###.#....##.## ##.#..
......#....+... ..#....
####.#...%....##.###.......
#....#..).....##@#.........
.....+........##S#.#..#....
.....#....#.....w..#..#%...
.....(..?.........!.....###
.<.....#......####+#.......
###...)####.#.##.....##..##
#....# #†# ##....S......
#....# #.# #.....##...#
#....# ##÷## #.....# ...


You could see a worm and an adder.

Vanquished Creatures
  An ooze (D:1)
  5 bats (D:1)
  A giant cockroach (D:1)
  3 hobgoblins
  A ball python (D:2)
  4 frilled lizards
  3 goblins
  2 kobolds
  4 rats
24 creatures vanquished.

Notes
Turn   | Place    | Note
-------+----------+-------------------------------------------
     0 | D:1      | mopl the Demonspawn Wanderer began the quest for the Orb.
     0 | D:1      | mopl set off with the following items: a +0 club, a +0
                  | robe, a ration; and the following spells available to
                  | memorise: Blink, Sandblast, Sting, Shroud of Golubria,
                  | Gell's Gravitas, Lesser Beckoning, Teleport Other, Ignite
                  | Poison, Stone Arrow, Passage of Golubria
     0 | D:1      | Reached XP level 1. HP: 15/15 MP: 3/3
   508 | D:1      | Reached skill level 2 in Fighting
   817 | D:1      | Gained mutation: You are slightly more attuned to the
                  | shadows. [demonic ancestry]
   817 | D:1      | Reached XP level 2. HP: 19/22 MP: 5/5
   922 | D:1      | Learned a level 2 spell: Blink
  1816 | D:2      | HP: 1/23 [adder (1)]
  1819 | D:2      | Quit the game

Levels and vault maps discovered:
D:1:      psy_arrival_radial01, layout_loops_ring
D:2:      layout_basic, marbit_many_paths, corner_web_ring,
          minmay_misc_feat_doors, minmay_misc_feat_cross

Skill      XL: |  1 |
---------------+----+-----
Fighting       | 2 |  2.9
Throwing       | |  1.0
Armour         | |  1.7
Spellcasting   | |  2.0
Necromancy     | |  1.1
Translocations | |  1.7
Evocations     | |  1.0

Action                   || total
-------------------------++-------
Melee: Club              ||    70
       Dagger            ||    66
 Cast: Blink             ||     1
  Use: Potion            ||     2
       Scroll            ||     1
 Stab: Sleeping          ||     2
  Eat: Chunk             ||     3
Armor: Robe              ||    21
       Scale mail        ||    51
Dodge: Dodged            ||    89

Table legend:
 A = Non-vault XP
 B = Vault XP
 C = Vault XP percentage of total XP
 D = Non-vault monster count
 E = Vault monster count
 F = Vault count percentage of total count
                 A         B        C        D         E       F
            +---------+---------+-------+---------+---------+-------
      Total |      38 |       0 |   0.0 |      24 |       0 |   0.0
            +---------+---------+-------+---------+---------+-------
        D:1 |      27 |       0 |   0.0 |      17 |       0 |   0.0
        D:2 |      11 |       0 |   0.0 |       7 |       0 |   0.0
            +---------+---------+-------+---------+---------+-------
